 Dungeon Crawl Stone Soup version 0.18-a0-1312-gf98331d (webtiles) character file.

56 GrosslyIncandescent the Insei (level 3, 0/29 HPs)
             Began as a Mummy Monk on Feb 14, 2016.
             Slain by an orc
             ... wielding a +0 short sword
              (6 damage)
             ... on level 3 of the Dungeon.
             The game lasted 00:02:53 (2149 turns).

GrosslyIncandescent the Insei (Mummy Monk)          Turns: 2149, Time: 00:02:53

Health: 0/29       AC:  2    Str: 17    XL:     3   Next: 71%
Magic:  3/3        EV: 13    Int:  9    God:
Gold:   70         SH:  0    Dex: 15    Spells: 0 memorised, 2 levels left

rFire  x . .     SeeInvis .       - Unarmed
rCold  + . .     Gourm    .     (no armour)
rNeg   + + +     Faith    .     (no shield)
rPois  ∞         Spirit   .     (no helmet)
rElec  .         Dismiss  .     d - +0 cloak
rCorr  .         Reflect  .     (no gloves)
SustAt .         Harm     .     a - +0 pair of boots {I'm a ball I don't need boots}
MR     .....                    (no amulet)
Stlth  ++........               (no ring)
                                f - +3 ring of strength

@: not resistant to hostile enchantments, unstealthy
A: no food or potions, fire vulnerability, cold resistance 1, negative energy
resistance 3, torment resistance, unbreathing
a: no special abilities


You were on level 3 of the Dungeon.
You were not hungry.

You visited 1 branch of the dungeon, and saw 3 of its levels.

You collected 70 gold pieces.


Innate Abilities, Weirdness & Mutations

You do not eat or drink.
Your flesh is vulnerable to fire.
You are immune to poison.
Your flesh is cold resistant.
You are immune to negative energy.
You are immune to unholy pain and torment.
You can survive without breathing.


   Skills:
 - Level 3.0 Fighting
 - Level 2.4 Dodging
 - Level 1.5 Stealth
 + Level 4.4 Unarmed Combat


You had 2 spell levels left.
You didn't know any spells.

Inventory:

Armour
 a - a +0 pair of boots (worn) {I'm a ball I don't need boots}
 d - a +0 cloak (worn)
 i - a +0 helmet
Jewellery
 f - a +3 ring of strength (left hand)
Scrolls
 b - a scroll of enchant armour {unknown}
 c - 3 scrolls of remove curse {unknown}
 e - 2 scrolls of identify {unknown}
 g - 2 scrolls of random uselessness {unknown}
 j - a scroll of magic mapping {unknown}
 l - a scroll of immolation {unknown}
Comestibles
 h - a royal jelly (quivered)

Dungeon Overview and Level Annotations

Branches:
Dungeon (3/15)

Altars:

▒.▒ ▒.▒ ▒.▒ ▒.▒ ▒.▒ ▒▒▒▒▒
▒.▒▒▒▒▒▒▒ ▒...▒ ▒.......▒
▒.▒.▒
▒.......▒▒▒▒▒.▒.▒▒▒▒▒▒▒▒▒▒
'......†........@ooo.....+
▒.......[...▒.▒.▒▒▒o...▒▒▒
▒▒▒▒▒▒▒▒▒▒▒.▒.▒.▒ ▒.o..▒
.........▒▒.▒.▒.▒ ▒....▒
▒▒▒▒▒▒▒▒<...▒.▒.▒ ▒....▒
...............▒ ▒....▒
▒▒▒▒▒▒.▒..▒..[▒ ▒....▒
▒▒▒▒▒▒▒▒.▒▒▒▒.▒'▒ ▒....▒
................ .....▒


You could see 4 orcs.


Message History

The orc hits you with a trident. The orc hits you with a falchion.
The orc closely misses you.
You hit the orc but do no damage. The orc hits you with a falchion.
* * * LOW HITPOINT WARNING * * *
The orc barely misses you.
You punch the orc!
You kill the orc!
The orc hits you from afar with a trident.
* * * LOW HITPOINT WARNING * * *
The rat misses you.
You see here a falchion.
You barely miss the rat. The rat bites you but does no damage.
You hit the rat.
The rat is moderately wounded.
You closely miss the rat.
The rat is moderately wounded.
The rat bites you.
* * * LOW HITPOINT WARNING * * *
You hit the rat.
You kill the rat!
You hit the orc but do no damage. The orc closely misses you.
You barely miss the orc. The orc hits you with a short sword.
* * * LOW HITPOINT WARNING * * *
You hit the orc.
The orc is moderately wounded.
The orc hits you but does no damage.
You hit the orc.
The orc is heavily wounded.
The orc hits you with a short sword.
You die...

Action                   || total
-------------------------++-------
Melee: Unarmed           ||   134
 Stab: Sleeping          ||     4

Vault maps used:
D:1:      lightli_arrival_quake, serial_bayou_pond_a,
          kennysheep_decorative_pillar
D:2:      ecumenical_altar_1
D:3:      nicolae_ashenzari_panopticon, overflow_temple_1_default

Notes
Turn   | Place    | Note
--------------------------------------------------------------
     0 | D:1      | GrosslyIncandescent the Mummy Monk began the quest for the Orb.
     0 | D:1      | Reached XP level 1. HP: 18/18 MP: 1/1
   280 | D:1      | Reached XP level 2. HP: 18/24 MP: 2/2
   595 | D:2      | Reached skill level 4 in Unarmed Combat
   870 | D:2      | Reached XP level 3. HP: 29/29 MP: 3/3
   908 | D:2      | Found a faded altar to an unknown god.
  2149 | D:3      | Slain by an orc

Vanquished Creatures
  An adder (D:2)
  An ooze (D:3)
  3 giant geckos
  An orc (D:3)
  2 giant cockroaches (D:1)
  8 goblins
  4 hobgoblins
  2 kobolds
  A quokka (D:3)
  A ball python (D:2)
  9 bats
  A giant newt (D:2)
  2 rats
36 creatures vanquished.
